Map: Deathaura LE

Players

Trap - Winner!

  • Race: Protoss Protoss
  • Spawn Location: 5:00

Serral

  • Race: Zerg Zerg
  • Spawn Location: 11:00

Event: DreamHack SC2 Masters 2020 Summer Season Finals

VOD

Have the link to the VOD?

Description

Time

  • Played on: July 19, 2020, 12:26 p.m.
  • Length: 9:55

All games in this series

Show
View Real Time Build Order
Export as new Build Order

Trap Protoss - Winner!

Build Orders: 1 Gate Expand, Mass Adepts 

Get SALT Encoding   

  12  0:00  Probe  
  13  0:13  Pylon  
  13  0:14  Probe  
  14  0:22  Probe  
  15  0:31  Probe  
  16  0:39  Gateway  
  16  0:44  Probe  
  16  0:47  Assimilator  
  17  0:56  Probe  
  18  1:08  Probe  
  19  1:20  Probe  
  20  1:27  Nexus  
  20  1:35  Cybernetics Core  
  20  1:37  Probe  
  21  1:45  Assimilator  
  21  1:50  Probe  
  21  1:54  Pylon  
  22  2:00  Probe  
  22  2:02  Adept  
  23  2:08  Probe  
  23  2:12  Warp Gate  
  26  2:16  Probe  
  26  2:22  Twilight Council  
  27  2:28  Probe  
  28  2:33  Stalker  
  28  2:35  Probe  
  30  2:40  Probe  
  30  2:43  Probe  
  33  2:53  Probe x2  
  33  2:54  Robotics Facility  
  35  3:05  Resonating Glaives, Probe x2  
  37  3:13  Gateway  
  37  3:19  Adept  
  39  3:21  Probe x2  
  41  3:31  Warp Prism  
  41  3:34  Gateway x2  
  40  3:44  Probe x2  
  44  3:49  Pylon  
  44  3:51  Pylon  
  44  3:57  Shield Battery  
  44  4:04  Probe x2  
  44  4:09  Adept x2  
  50  4:11  Observer  
  50  4:14  Pylon  
  50  4:16  Assimilator  
  51  4:30  Adept x4  
  59  4:33  Probe, Pylon  
  59  4:34  Probe  
  61  4:44  Robotics Bay  
  61  4:52  Adept x3  
  65  4:55  Adept  
  65  4:58  Assimilator, Pylon  
  69  5:03  Pylon  
  65  5:24  Disruptor  
  65  5:25  Adept  
  65  5:26  Adept x3  
  65  5:29  Gravitic Drive  
  64  5:40  Probe x2  
  66  5:46  Pylon  
  66  5:47  Adept x3  
  72  5:50  Adept  
  72  5:52  Probe x2  
  72  5:54  Disruptor  
  79  6:15  Nexus  
  79  6:17  Pylon  
  79  6:24  Adept x4  
  87  6:30  Immortal  
  87  6:38  Probe x2  
  93  6:44  Adept  
  93  6:45  Adept  
  97  6:49  Adept  
  97  6:51  Adept  
  100  6:58  Probe x2  
  100  6:59  Pylon  
  100  7:11  Sentry x4  
  100  7:14  Colossus  
  106  7:18  Probe x2  
  106  7:21  Gateway  
  106  7:23  Extended Thermal Lance  
  106  7:25  Gateway  
  110  7:30  Probe x2  
  110  7:31  Probe  
  111  7:46  Shield Battery, Probe x3  
  114  7:51  Stalker  
  114  7:53  Stalker  
  114  7:54  Colossus  
  114  7:58  Probe  
  119  8:02  Probe x2  
  121  8:10  Probe  
  128  8:16  Pylon  
  128  8:18  Pylon  
  128  8:19  Pylon  
  128  8:26  Stalker  
  128  8:27  Stalker  
  132  8:30  Forge  
  132  8:35  Assimilator  
  132  8:38  Assimilator  
  132  8:48  Stalker x4  
  136  8:52  Stalker  
  136  8:53  Stalker  
  140  8:56  Pylon  
  140  8:57  Pylon  
  140  9:07  Gateway  
  140  9:12  Stalker x4  
  140  9:16  Stalker x2  
  133  9:41  Stalker x6  
  133  9:43  Probe x3  
Show
View Real Time Build Order
Export as new Build Order

Serral Zerg 

Build Orders: Hatch First 

Get SALT Encoding   

  12  0:00  Drone  
  13  0:13  Overlord  
  13  0:18  Drone  
  14  0:32  Drone x2  
  16  0:48  Hatchery  
  15  0:53  Drone  
  15  0:56  Drone  
  17  1:00  Drone  
  18  1:10  Extractor  
  17  1:15  Spawning Pool  
  16  1:19  Drone  
  16  1:22  Drone  
  18  1:30  Drone  
  20  1:40  Drone  
  20  1:51  Overlord  
  20  2:02  Queen x2  
  20  2:03  Zergling x4  
  26  2:12  Drone x2  
  26  2:15  Metabolic Boost  
  28  2:21  Drone  
  30  2:22  Drone  
  30  2:37  Hatchery  
  30  2:41  Drone  
  30  2:43  Drone  
  31  2:46  Overlord  
  31  2:49  Drone  
  32  2:55  Drone x2  
  34  3:00  Queen  
  36  3:10  Zergling x2  
  36  3:11  Drone x2  
  38  3:13  Drone, Overlord  
  38  3:15  Drone  
  38  3:19  Drone  
  41  3:26  Drone  
  42  3:31  Drone  
  43  3:36  Queen  
  43  3:37  Spore Crawler  
  43  3:40  Drone  
  45  3:43  Drone x3  
  45  3:47  Overlord  
  49  3:48  Drone x2  
  49  3:49  Queen  
  49  3:50  Drone  
  49  3:53  Drone  
  49  3:55  Drone  
  55  4:01  Roach Warren  
  55  4:02  Drone  
  55  4:04  Drone  
  55  4:07  Overlord  
  56  4:12  Queen  
  56  4:13  Overlord  
  56  4:15  Zergling x4  
  60  4:19  Overlord  
  60  4:20  Zergling x4  
  62  4:24  Extractor  
  62  4:27  Zergling x8  
  62  4:31  Overlord  
  65  4:34  Zergling x4  
  67  4:42  Roach  
  67  4:43  Roach x2  
  67  4:44  Overlord  
  73  4:46  Roach x2  
  73  4:48  Lair  
  77  4:53  Roach  
  77  4:55  Spore Crawler x2  
  77  5:04  Roach  
  77  5:05  Roach  
  72  5:15  Roach, Zergling x12  
  72  5:26  Roach x2, Zergling x12  
  80  5:33  Roach  
  80  5:34  Roach, Zergling x2  
  83  5:39  Drone  
  84  5:44  Drone x2  
  84  5:46  Drone  
  87  5:56  Overlord x2  
  88  5:57  Drone  
  88  6:01  Glial Reconstitution  
  88  6:03  Extractor  
  87  6:08  Drone x2  
  87  6:11  Drone  
  88  6:18  Drone x2  
  88  6:19  Evolution Chamber, Overlord  
  88  6:23  Roach x3  
  88  6:24  Drone x3  
  97  6:30  Drone  
  97  6:31  Overseer  
  97  6:32  Drone  
  99  6:34  Drone  
  99  6:39  Drone  
  101  6:47  Zerg Melee Weapons Level 1  
  101  6:49  Drone x3  
  101  6:53  Drone  
  106  6:54  Roach x5  
  111  7:03  Overlord  
  96  7:09  Roach x3, Zergling x4  
  96  7:14  Drone x2  
  104  7:17  Drone x5  
  104  7:18  Drone x2  
  104  7:20  Drone  
  112  7:27  Drone  
  112  7:28  Drone  
  114  7:35  Drone x2  
  109  7:39  Drone x2  
  109  7:42  Drone x2  
  109  7:43  Drone x3  
  116  7:45  Drone x3  
  116  7:47  Overlord  
  119  7:53  Extractor  
  119  7:54  Baneling Nest  
  119  7:57  Overlord  
  119  7:58  Roach x2  
  121  8:02  Drone x2  
  121  8:05  Drone, Extractor x2  
  115  8:11  Overlord  
  115  8:12  Drone x2  
  116  8:16  Overlord  
  116  8:23  Drone x2  
  116  8:24  Drone x3  
  116  8:25  Drone  
  122  8:30  Overlord  
  122  8:35  Roach x2  
  122  8:39  Hatchery  
  124  8:44  Drone x3  
  124  8:45  Zergling x12  
  131  8:49  Ravager x4  
  131  8:51  Zergling x4  
  131  8:55  Pneumatized Carapace  
  137  8:56  Overseer  
  137  8:58  Spire  
  137  9:00  Drone x2  
  138  9:03  Zergling x4  
  138  9:08  Ravager x3  
  138  9:09  Ravager  
  144  9:13  Roach x2, Zergling x10  
  153  9:17  Baneling x3  
  153  9:20  Zergling x4  
  154  9:30  Roach  
  154  9:31  Roach, Zergling x2  
  131  9:35  Roach x2, Zergling x4  
  131  9:36  Roach x2, Zergling x2  
Tags
 
Add a new tag
Caveats
  • Supply blocks, unpowered buildings, or Contaminate may cause inaccurate times.
  • Supply counts are checked every 10 seconds.